 Dungeon Crawl Stone Soup version 0.26-a0-227-g1af32d979d (webtiles) character file.

Game seed: 7888292184449753638

20 BeastOfSaturn the Grasshopper (level 2, 0/27 HPs)
             Began as a Naga Warper on July 7, 2020.
             Slain by a quasit (2 damage)
             ... on level 1 of the Dungeon.
             The game lasted 00:04:45 (1131 turns).

BeastOfSaturn the Grasshopper (Naga Warper)         Turns: 1131, Time: 00:04:47

Health: 0/27       AC:  4    Str: 11 (13) XL:     2   Next: 79%
Magic:  5/5        EV:  1    Int: 12 (13) God:
Gold:   45         SH:  0    Dex: -11 (10)Spells: 3/5 levels left

rFire    . . .     SeeInvis +   a - +0 spear
rCold    . . .     Faith    .   k - +0 buckler
rNeg     . . .     Spirit   .   j - +0 chain mail
rPois    +         Reflect  .   (no helmet)
rElec    .         Harm     .   (no cloak)
rCorr    .                      (no gloves)
MR       .....                  (no barding)
Stlth    ..........             (no amulet)
HPRegen  0.09/turn              (no ring)
MPRegen  0.09/turn              (no ring)

@: slowed, lost dexterity, very slow
A: large, see invisible, deformed body, poison resistance, slowness 2, slow
metabolism 1, spit poison 1, AC +0
a: Spit Poison


You were on level 1 of the Dungeon.
You were not hungry.

You visited 1 branch of the dungeon, and saw 2 of its levels.

You collected 45 gold pieces.

Inventory:

Hand Weapons
 a - a +0 spear (weapon)
Missiles
 e - 5 boomerangs of dispersal (quivered)
Armour
 b - a +0 leather armour
 j - a +0 chain mail (worn)
 k - a +0 buckler (worn)
Jewellery
 m - a cursed ring of attention {unknown}
 n - an uncursed ring of wizardry {unknown}
Scrolls
 c - a scroll of remove curse {unknown}
 d - a scroll of blinking
 h - a scroll of identify {unknown}
Potions
 o - a potion of curing
Comestibles
 f - 3 rations


   Skills:
 * Level 2.4 Fighting
 * Level 2.6 Polearms
 - Level 0.8 Throwing
 * Level 0.9 Armour
 - Level 1.5 Dodging
 - Level 2.0 Spellcasting
 - Level 3.1 Translocations


You had 3 spell levels left.
You knew the following spells:

 Your Spells              Type           Power        Failure   Level
a - Blink                 Tloc           N/A          100%        2

Your spell library contained the following spells:

 Spells                   Type           Power        Failure   Level
 Shroud of Golubria       Chrm/Tloc      #.....       100%        2
 Gell's Gravitas          Tloc           #.........   100%        3
 Lesser Beckoning         Tloc           #.........   100%        3
 Teleport Other           Tloc           #.......     100%        3
 Passage of Golubria      Tloc           N/A          100%        4


Dungeon Overview and Level Annotations

Branches:
Dungeon (2/15)

Altars:


Innate Abilities, Weirdness & Mutations

You cannot wear boots.
Your serpentine skin is tough. (AC +0)
You have supernaturally acute eyesight. (SInv)
Armour fits poorly on your strangely shaped body.
Your system is resistant to poisons. (rPois)
You cover ground very slowly.
You have a slow metabolism.
You can spit poison.


Message History

* * * LOW HITPOINT WARNING * * *
You hit the quasit.
The quasit is lightly wounded.
The quasit bites you.
* * * LOW HITPOINT WARNING * * *
You feel clumsy.
The quasit claws you but does no damage.
The quasit claws you.
* * * LOW HITPOINT WARNING * * *
The quasit bites you but does no damage.
The quasit claws you.
* * * LOW HITPOINT WARNING * * *
The quasit claws you but does no damage.
You hit the quasit but do no damage.
The quasit is lightly wounded.
The quasit bites you.
* * * LOW HITPOINT WARNING * * *
The quasit claws you but does no damage. x2
The quasit bites you.
You die...

#.##########'##..................
#....................#.#....#....
###.........................#....
................###.#.###.#.#....
.......>........# #.#...#.#.#..#.
................# #.###.#...#....
...#########'######...#.#####...#
...# #...........#.#...#...# ...#
#####....5@.....#.#.#.#...# ####
#...............#.....#...#
#######.......###.......#####....
......#.......###..............♣#
.....♣.♣.♣.♣..+.........######...
[.............###.#####.#......♣#
.....♣.♣.♣.♣...............#.#..#
........####.#.............#.#...
........#....#.............#.##.#


You could see a quasit.

Vanquished Creatures
  2 dart slugs (D:1)
  A leopard gecko (D:1)
  3 bats (D:1)
  A giant cockroach (D:1)
  2 goblins (D:1)
  A hobgoblin (D:1)
  3 kobolds (D:1)
  2 rats (D:1)
15 creatures vanquished.

Notes
Turn   | Place    | Note
-------+----------+-------------------------------------------
     0 | D:1      | BeastOfSaturn the Naga Warper began the quest for the Orb.
     0 | D:1      | Reached XP level 1. HP: 19/19 MP: 3/3
   226 | D:1      | Reached XP level 2. HP: 25/26 MP: 5/5
   230 | D:1      | Learned a level 2 spell: Blink
  1115 | D:1      | HP: 1/27 [quasit (1)]
  1120 | D:1      | Lost dexterity.
  1131 | D:1      | Slain by a quasit

Illustrated notes

Levels and vault maps discovered:
D:1:      giann_wishing_wells, layout_basic, serial_forest,
          infiniplex_forest_lined_3, infiniplex_forest_clump_large,
          infiniplex_forest_clump_tiny, infiniplex_forest_clump_curved,
          infiniplex_forest_clump_C, infiniplex_forest_clump_tiny,
          infiniplex_forest_lined_2, infiniplex_forest_clump_large
D:2:      layout_basic, minmay_pentomino_q4, uniq_robin

Action                   || total
-------------------------++-------
Melee: Spear             ||    85
 Abil: Spit Poison       ||     2
  Use: Potion            ||     4
Armor: Leather armour    ||     6
       Chain mail        ||   100
Dodge: Dodged            ||    30
Block: Buckler           ||    10

Table legend:
 A = Non-vault XP
 B = Vault XP
 C = Vault XP percentage of total XP
 D = Non-vault monster count
 E = Vault monster count
 F = Vault count percentage of total count
                 A         B        C        D         E       F
            +---------+---------+-------+---------+---------+-------
      Total |      29 |       0 |   0.0 |      15 |       0 |   0.0
            +---------+---------+-------+---------+---------+-------
        D:1 |      29 |       0 |   0.0 |      15 |       0 |   0.0
            +---------+---------+-------+---------+---------+-------
